 Dungeon Crawl Stone Soup version 0.31-a0-835-g2a3a5bc3be (webtiles) character file.

Game seed: 8527883436700101620

161 Ivernyr the Changeling (level 5, -2/25 HPs)
             Began as a Vine Stalker Shapeshifter on Sept 26, 2023.
             Killed from afar by an orc wizard (7 damage)
             ... with a magic dart
             ... on level 4 of the Dungeon.
             The game lasted 00:04:08 (2477 turns).

Ivernyr the Changeling (Vine Stalker Shapeshifter)  Turns: 2477, Time: 00:04:09

Health: -2/25      AC:  2    Str: 19    XL:     5   Next: 42%
Magic:  0/15       EV: 12    Int: 10    God:
Gold:   152        SH:  0    Dex: 13    Spells: 4/4 levels left

rFire   . .          .
                       - Unarmed
rCold   . . .        (no shield)
rNeg    . . .        a - +0 animal skin
rPois   .            (helmet currently unavailable)
rElec   .            (cloak currently unavailable)
rCorr   .            (gloves currently unavailable)
SInv    .            (boots currently unavailable)
Will    .....        e - amulet of the acrobat
Stlth   +            s - ring of magical power
HPRegen 1.04/turn    (no ring)
MPRegen 0.14/turn

%: acrobat, guardian spirit
@: beast-form
A: beast (slay +3), fangs 2, regeneration 1, magic shield, antimagic bite, no
potion heal 2
a: Begin Untransformation


You were on level 4 of the Dungeon.
You were a hulking beast.
You visited 1 branch of the dungeon, and saw 4 of its levels.

You collected 152 gold pieces.

Inventory:

Armour
 a - a +0 animal skin (worn)
 g - a +2 pair of gloves
Jewellery
 e - an amulet of the acrobat (around neck)
 o - a ring of flight
 s - a ring of magical power (left hand)
Talismans
 c - a beast talisman (active)
 d - a flux talisman
Wands
 m - a wand of quicksilver (8)
Scrolls
 f - 2 scrolls of identify {unknown}
 h - 5 scrolls of teleportation {unknown}
 i - a scroll of enchant weapon {unknown}
 j - 3 scrolls of immolation {unknown}
 k - 2 scrolls of fog {unknown}
 l - 2 scrolls of noise {unknown}
 p - a scroll of vulnerability {unknown}
 v - a scroll of amnesia {unknown}
Potions
 b - 2 potions of lignification
 n - a potion of might {unknown}
 q - a potion of resistance {unknown}
 r - a potion of degeneration {unknown}
 t - a potion of curing {unknown}
 u - a potion of heal wounds {unknown}
 w - a potion of mutation {unknown}


   Skills:
 - Level 0.8 Fighting
 - Level 1.5 Dodging
 - Level 3.0 Unarmed Combat
 + Level 5.5 Shapeshifting


You had 4 spell levels left.
You didn't know any spells.
Your spell library was empty.

Dungeon Overview and Level Annotations

Branches:
Dungeon (4/15)             Temple (0/1) D:4

Altars:
The Shining One

Shops:
D:2 *   D:3 =


Innate Abilities, Weirdness & Mutations

You are a hulking beast.
Your limbs bulge with bestial killing power. (Slay +3)
You have extremely sharp teeth.
Your natural rate of healing is unusually fast.
When hurt, damage is shared between your health and your magic reserves.
Your bite disrupts and absorbs the magic of your enemies.
Potions cannot restore your health.


Message History

The orc priest hits you with a +0 short sword.
The orc priest misses you.
You hit the orc priest.
You bite the orc priest, but do no damage.
The orc priest is moderately wounded.
You hear some strange, mumbled words.
A puff of flame appears from out of thin air!
The puff of flame hits you!
The orc priest hits you with a +0 short sword.
You closely miss the orc priest.
The orc priest is moderately wounded.
Something completely misses you. The orc priest closely misses you.
You closely miss the orc priest.
The orc priest is moderately wounded.
Something hits you.
The orc priest hits you with a +0 short sword.
You hit the orc priest.
The orc priest is moderately wounded.
Something hits you.
The orc priest hits you with a +0 short sword.
* * * LOW HITPOINT WARNING * * *
You completely miss the orc priest.
You bite the orc priest, but do no damage.
The orc priest is moderately wounded.
Something hits you.
The orc priest hits you with a +0 short sword.
* * * LOW HITPOINT WARNING * * *
You closely miss the orc priest. You bite the orc priest. You drain its power.
You feel invigorated.
The orc priest is heavily wounded.
Something hits you.
* * * LOW HITPOINT WARNING * * *
The orc priest misses you.
You hit the orc priest.
You bite the orc priest, but do no damage.
The orc priest is heavily wounded.
You hear some strange, mumbled words.
A magic dart appears from out of thin air!
The magic dart hits you!
You die...

.## . # ..
##... #.....
###...#
#########)..#
##....##o{.###
...
#.......h###
...#
#....†..## #..
##.)...###
#.####.....##
#........##
#......### #
##....##
..###...##
.....#.##


You could see an orc priest.

Vanquished Creatures
  Terence (D:3)
  3 adders
  3 gnolls (D:2)
  2 worms (D:2)
  3 dart slugs
  4 orcs
  5 bats
  2 endoplasms (D:3)
  A giant cockroach (D:1)
  5 goblins
  10 hobgoblins
  4 quokkas
  11 ball pythons
  5 frilled lizards
  3 kobolds
  5 rats
67 creatures vanquished.

Notes
Turn   | Place    | Note
-------+----------+-------------------------------------------
     0 | D:1      | Ivernyr the Vine Stalker Shapeshifter began the quest for
                  | the Orb.
     0 | D:1      | Reached XP level 1. HP: 9/9 MP: 2/2
   184 | D:1      | Reached XP level 2. HP: 14/14 MP: 3/3
   919 | D:2      | Reached skill level 4 in Shapeshifting
   919 | D:2      | Reached XP level 3. HP: 15/17 MP: 2/4
   987 | D:2      | Reached XP level 4. HP: 10/21 MP: 3/5
  1063 | D:2      | Found a glowing golden altar of the Shining One.
  1084 | D:2      | Found Dinuj's Assorted Antiques.
  1358 | D:3      | Reached skill level 5 in Shapeshifting
  1394 | D:3      | Noticed Terence
  1426 | D:3      | Killed Terence
  1427 | D:3      | Reached XP level 5. HP: 14/25 MP: 2/6
  1758 | D:3      | Found Kaschat's Jewellery Shoppe.
  2258 | D:4      | Identified the +2 ring mail of Jejikata {Int+5}
  2417 | D:4      | Found a staircase to the Ecumenical Temple.
  2477 | D:4      | Killed from afar by an orc wizard

Illustrated notes

Levels and vault maps discovered:
D:1:      sevenhm_arrival_forest_fort_small_4, layout_basic, moated_statue
D:2:      layout_basic, serial_shops, nicolae_shop_dealshenge, basic_altar
D:3:      wad_pebble_path, layout_basic, serial_shops,
          nicolae_shop_hallway_stairs, minmay_misc_feat_hallway,
          minmay_starry_boxes, uniq_terence
D:4:      layout_cave_pods, temple_pool_b, nicolae_shop_overcharged_wands

Skill      XL: |  1  2  3  4 |
---------------+-------------+-----
Shapeshifting  | 4 5 |  5.5
Fighting       | |  0.8
Dodging        | |  1.5
Unarmed Combat | |  3.0

Action                     |  1- 3 |  4- 6 || total
---------------------------+-------+-------++-------
  Melee: Unarmed           |    69 |    86 ||   155
         Bite              |    13 |    25 ||    38
         Punch             |       |     3 ||     3
   Stab: Sleeping          |     2 |     2 ||     4
         Distracted        |       |     1 ||     1
 Armour: Animal skin       |    22 |    39 ||    61
  Dodge: Dodged            |    61 |    70 ||   131

Table legend: (Time is in decaauts)
 A = Elapsed time spent in this place.
 B = Non-inter-level travel time spent in this place.
 C = Inter-level travel time spent in this place.
 D = Time resting spent in this place.
 E = Time spent auto-exploring this place.
 F = Levels seen in this place.
 G = Mean time per level.
                   A        B        C        D        E       F      G
               +--------+--------+--------+--------+--------+-----+--------+
         Total |   2480 |   2359 |    121 |     11 |   1804 |   4 |  620.0 |
       Dungeon |   2480 |   2359 |    121 |     11 |   1804 |   4 |  620.0 |
               +--------+--------+--------+--------+--------+-----+--------+

Top non-repeatable levels by time:
     D:3: 901 daAuts
     D:1: 862 daAuts
     D:2: 478 daAuts
     D:4: 238 daAuts
